 Dungeon Crawl Stone Soup version 0.24.0-2-g5b39cebb1c (webtiles) character file.

Game seed: 14993046041999578941, levelgen mode: deterministic

7344 barcode the Slicer (level 11, 0/78 HPs)
             Began as a Halfling Abyssal Knight on Oct 30, 2019.
             Was a High Priest of Lugonu.
             Slain by a basilisk (14 damage)
             ... on level 9 of the Dungeon.
             The game lasted 00:22:08 (7700 turns).

barcode the Slicer (Halfling Abyssal Knight)        Turns: 7700, Time: 00:22:08

Health: 0/78       AC:  9    Str: 15    XL:     11   Next: 35%
Magic:  0/18       EV: 22    Int: 13    God:    Lugonu [*****.]
Gold:   290        SH:  0    Dex: 21    Spells: 10/10 levels left

rFire    . . .     SeeInvis .   i - +1 short sword (elec)
rCold    + . .     Gourm    .   (shield restricted)
rNeg     . . .     Faith    .   d - +1 leather armour {rC+}
rPois    .         Spirit   +   n - +2 helmet of Vehumet's Esteem {rElec Str+2 Dex+3}
rElec    +         Reflect  .   b - +0 cloak
rCorr    .         Harm     .   N - +0 pair of gloves (curse)
MR       .....                  (no boots)
Stlth    +.........             g - amulet of guardian spirit
HPRegen  0.23/turn              o - ring of wizardry
MPRegen  0.16/turn              H - +3 ring of dexterity

@: very slow
A: small, mutation resistance 1
a: Depart the Abyss, Bend Space, Banish, Corrupt, Enter the Abyss, Renounce
Religion


You were on level 9 of the Dungeon.
You worshipped Lugonu.
Lugonu was extremely pleased with you.
You were not hungry.

You visited 1 branch of the dungeon, and saw 9 of its levels.
You visited the Abyss 1 time.

You collected 553 gold pieces.
You spent 263 gold pieces at shops.

Inventory:

Hand Weapons
 f - a +2 dagger of venom
 i - a +1 short sword of electrocution (weapon)
 s - the +8 mace of Brawling {drain, Str+4 Stlth-}
   (You found it on level 4 of the Dungeon)

   A truly terrible weapon, it drains the life of those it strikes.
   It affects your strength (+4).
   It makes you less stealthy.
 C - a +2 dagger of distortion
Armour
 b - a +0 cloak (worn)
 d - a +1 leather armour of cold resistance (worn)
 n - the +2 helmet of Vehumet's Esteem (worn) {rElec Str+2 Dex+3}
   (You took it off Robin on level 2 of the Dungeon)

   It affects your strength (+2).
   It affects your dexterity (+3).
   It insulates you from electricity.
 v - a +0 hat of see invisible
 N - a cursed +0 pair of gloves (worn)
Jewellery
 g - an amulet of guardian spirit (around neck)
 o - a ring of wizardry (left hand)
 H - a +3 ring of dexterity (right hand)
Wands
 u - a wand of clouds (2)
 y - a wand of digging (4)
 D - a wand of flame (6)
 L - a wand of polymorph (3)
Scrolls
 a - 3 scrolls of identify
 e - 5 scrolls of remove curse
 h - 4 scrolls of enchant weapon
 k - 2 scrolls of blinking
 m - 2 scrolls of random uselessness {unknown}
 p - 4 scrolls of magic mapping
 t - 7 scrolls of teleportation
 x - 2 scrolls of immolation
 F - a scroll of amnesia {unknown}
 G - a scroll of acquirement {unknown}
 J - a scroll of torment {unknown}
Potions
 j - a potion of might {unknown}
 l - 5 potions of curing
 q - 2 potions of brilliance {unknown}
 r - 2 potions of lignification
 w - a potion of invisibility
 z - a potion of heal wounds
 A - a potion of magic {unknown}
 E - a potion of flight {unknown}
 I - a potion of degeneration {unknown}
 K - a potion of resistance {unknown}
 M - a potion of cancellation {unknown}
 O - a potion of ambrosia {unknown}
Miscellaneous
 B - a phial of floods (inert)
Comestibles
 c - 17 rations


   Skills:
 + Level 8.7 Fighting
 + Level 10.1 Short Blades
 - Level 1.7 Maces & Flails
 - Level 2.1 Armour
 + Level 8.5 Dodging
 + Level 9.4 Invocations


You had 10 spell levels left.
You didn't know any spells.
Your spell library was empty.

Dungeon Overview and Level Annotations

Branches:
Dungeon (9/15)             Temple (0/1) D:6
   Lair: D:8-11         Orc: D:9-12

Altars:
Cheibriados
Dithmenos
Fedhas
Gozag
Nemelex Xobeh
Sif Muna
Uskayaw
Vehumet
Xom
Yredelemnul
Zin
The Shining One

Shops:
D:4 *   D:5 (   D:7 %


Innate Abilities, Weirdness & Mutations

You are small and have problems with some larger weapons.
You are somewhat resistant to further mutation.


Message History

The water rises up and takes form.
You hear an angry growl.
You hear a shout! x6
Unknown command.
Unknown command.
Unknown command.
Unknown command.
Unknown command.
You hit the basilisk.
The basilisk is heavily wounded.
The basilisk barely misses you.
You hit the basilisk.
The basilisk is heavily wounded.
The basilisk bites you but does no damage.
Unknown command.
Unknown command.
Your unstable footing causes you to fumble your attack.
You hit the basilisk. Lightning courses through the basilisk!
The basilisk is almost dead.
The basilisk bites you!
You die...

#..>.### ########+####.....
#....'.####..........#......
#....#....#.................
#....####.'..........##.....
#....# ###..........##.....
#....# #..........##.....
#....# ###'#########.....
##...# #≈≈.# ###### ###.#
#@### ## ... ##l####### #.
#YHt...... #. #≈≈E≈..... #.
#......... #. #.†....... #.
+......... +. #.h....... #.
###.####+# #.


You could see an elephant, a hippogriff, a basilisk, a crocodile, a black bear
and a friendly water elemental.

Vanquished Creatures
  Gastronok (D:8)
  Psyche (D:8)
  The ghost of Mrkan the Ruffian, a novice DrTm of Ru (D:5)
  A hornet (D:9)
  Prince Ribbit (D:7)
  A hippogriff (D:9)
  Grum (D:8)
  A hungry ghost (D:7)
  Duvessa (D:7)
  An orc warrior (D:8)
  2 ice beasts
  A phantom (D:8)
  4 wolves (D:8)
  3 ogres
  5 centaurs
  4 bullfrogs
  A wyvern skeleton (D:6)
  Dowan (D:7)
  A scorpion (D:4)
  9 killer bees
  A bullfrog zombie (D:6)
  3 crimson imps
  A centaur zombie (D:7)
  A jelly (D:6)
  A bullfrog skeleton (D:4)
  10 orc priests
  3 hounds
  9 orc wizards
  4 iguanas
  Natasha (thrice) (D:3)
  7 worker ants
  A hound skeleton (D:7)
  A howler monkey zombie (D:5)
  Robin (D:2)
  A worker ant zombie (D:5)
  2 howler monkey skeletons
  11 adders
  4 shadow imps
  An ooze (D:3)
  3 dart slugs
  11 leopard geckos
  43 orcs
  3 ball pythons
  2 giant cockroaches
  15 hobgoblins
  3 jackals (D:1)
  9 kobolds
  3 quokkas
  A bat (D:1)
  4 frilled lizards
  11 goblins
  2 leopard gecko skeletons
  A leopard gecko zombie (D:5)
  2 quokka skeletons (D:8)
  11 rats
  A spectral orc (D:6)
231 creatures vanquished.

Vanquished Creatures (collateral kills)
  Harold (D:7)
1 creature vanquished.

Grand Total: 232 creatures vanquished

Notes
Turn   | Place    | Note
-------+----------+-------------------------------------------
     0 | Abyss:1  | barcode the Halfling Abyssal Knight began the quest for the
                  | Orb.
     0 | Abyss:1  | Reached XP level 1. HP: 15/15 MP: 2/2
    19 | D:1      | Escaped the Abyss
   237 | D:1      | Reached XP level 2. HP: 12/21 MP: 3/3
   492 | D:1      | Reached XP level 3. HP: 21/26 MP: 2/4
   944 | D:2      | Reached ** piety under Lugonu
   985 | D:2      | Found a radiant altar of Vehumet.
  1109 | D:2      | Reached skill level 1 in Short Blades
  1212 | D:2      | Reached XP level 4. HP: 33/33 MP: 5/5
  1215 | D:2      | Identified the +2 helmet of Vehumet's Esteem {rElec Str+2
                  | Dex+3}
  1215 | D:2      | Noticed Robin
  1226 | D:2      | Killed Robin
  1234 | D:2      | Reached skill level 2 in Short Blades
  1978 | D:2      | Reached XP level 5. HP: 25/37 MP: 3/6
  1984 | D:2      | Reached skill level 3 in Short Blades
  2119 | D:3      | Reached *** piety under Lugonu
  2119 | D:3      | Reached XP level 6. HP: 21/44 MP: 5/8
  2124 | D:3      | Noticed Natasha
  2137 | D:3      | Killed Natasha
  2149 | D:3      | Noticed Natasha
  2155 | D:3      | Killed Natasha
  2358 | D:3      | Noticed Natasha
  2370 | D:3      | Killed Natasha
  2379 | D:3      | Found a blossoming altar of Fedhas.
  2387 | D:3      | Reached skill level 4 in Short Blades
  2701 | D:3      | Reached skill level 5 in Fighting
  2701 | D:3      | Reached XP level 7. HP: 50/50 MP: 9/9
  2803 | D:3      | Found a shimmering blue altar of Sif Muna.
  2880 | D:4      | Found a glowing golden altar of the Shining One.
  3137 | D:4      | Got a fine mace
  3138 | D:4      | Identified the +8 mace of Brawling {drain, Str+4 Stlth-}
                  | (You found it on level 4 of the Dungeon)
  3265 | D:4      | Found Loerphesu's General Store.
  3280 | D:4      | Bought a potion of invisibility for 88 gold pieces
  3280 | D:4      | Bought a scroll of immolation for 38 gold pieces
  3280 | D:4      | Bought a potion of heal wounds for 55 gold pieces
  3609 | D:4      | Bought a scroll of blinking for 82 gold pieces
  3629 | D:5      | Entered Level 5 of the Dungeon
  3636 | D:5      | Found a sparkling altar of Nemelex Xobeh.
  3656 | D:5      | Reached skill level 5 in Short Blades
  3659 | D:5      | Reached XP level 8. HP: 28/56 MP: 4/11
  4039 | D:5      | Found a glowing silver altar of Zin.
  4119 | D:5      | Found a runed translucent door.
  4119 | D:5      | Noticed Mrkan's ghost (novice DrTm)
  4135 | D:5      | Killed Mrkan's ghost
  4135 | D:5      | Reached skill level 5 in Invocations
  4235 | D:5      | Found Zufob's Antique Weapon Boutique.
  4247 | D:5      | Reached skill level 6 in Short Blades
  4284 | D:5      | Reached **** piety under Lugonu
  4367 | D:5      | Found a snail-covered altar of Cheibriados.
  4520 | D:6      | Reached XP level 9. HP: 54/62 MP: 11/13
  4574 | D:6      | Found a staircase to the Ecumenical Temple.
  4859 | D:6      | Reached skill level 5 in Dodging
  5029 | D:6      | Found a shimmering altar of Xom.
  5039 | D:6      | Reached skill level 7 in Short Blades
  5109 | D:6      | Found a basalt altar of Yredelemnul.
  5245 | D:7      | Found Moadeli's Food Emporium.
  5253 | D:7      | Noticed Harold
  5266 | D:7      | Killed Harold
  5278 | D:7      | Noticed Prince Ribbit
  5294 | D:7      | Killed Prince Ribbit
  5320 | D:7      | Reached XP level 10. HP: 43/71 MP: 12/15
  5440 | D:7      | Reached skill level 8 in Short Blades
  5538 | D:7      | Reached ***** piety under Lugonu
  5576 | D:7      | Found an opulent altar of Gozag.
  5576 | D:7      | Found a shadowy altar of Dithmenos.
  5854 | D:7      | Noticed Dowan
  5863 | D:7      | Killed Dowan
  5865 | D:7      | Noticed Duvessa
  5900 | D:7      | Killed Duvessa
  6059 | D:8      | Noticed Psyche
  6066 | D:8      | Killed Psyche
  6074 | D:8      | Found a hide-covered altar of Uskayaw.
  6387 | D:8      | Noticed Gastronok
  6640 | D:8      | Reached skill level 9 in Short Blades
  6664 | D:8      | Noticed Grum
  6673 | D:8      | Killed Grum
  6992 | D:8      | Killed Gastronok
  6992 | D:8      | Reached XP level 11. HP: 49/78 MP: 10/17
  7292 | D:9      | Reached skill level 10 in Short Blades
  7333 | D:9      | Paralysed by a hornet for 2 turns
  7675 | D:9      | Noticed an elephant
  7700 | D:9      | Slain by a basilisk

Levels and vault maps discovered:
D:1:      minmay_arrival_jagged, layout_basic
D:2:      layout_basic, fiery_altar_vehumet, bh_walls_and_bars, uniq_robin
D:3:      corexii_shack_village, layout_rooms, old_standard_altar, tgw_sif,
          uniq_natasha
D:4:      layout_loops_ring, old_standard_altar, first_ration, serial_shops,
          shop_fountains
D:5:      layout_loops_corners, nemelex_xobeh_ov_fountains_minmay, zin_academy,
          serial_shops, shop, ebering_ghost_inner_flame, basic_altar
D:6:      layout_rooms, overflow_temple_1_default,
          yredelemnul_forgotten_temple_becter, minmay_temple_entry_proselytizer
D:7:      layout_loops_ring, amethyst_overflow_temple_binary, serial_shops,
          shop, uniq_duvessa, uniq_harold, uniq_prince_ribbit1
D:8:      layout_loops_ring, eat_drink_and_be_merry_uskayaw, uniq_psyche,
          uniq_grum, uniq_gastronok
D:9:      layout_roguey, david_lair_generic, uniq_erolcha

Skill      XL: |  1  2  3  4  5  6  7  8  9 10 11 |
---------------+----------------------------------+-----
Fighting       | 3 4 5 6 7 8 |  8.7
Short Blades   | 1 2 3 4 5 6 7 9 10 | 10.1
Invocations    | 3 4 5 7 9 |  9.4
Dodging        | 2 4 6 8 |  8.5
Maces & Flails | |  1.7
Armour         | |  2.1

Action                   |  1- 3 |  4- 6 |  7- 9 | 10-12 || total
-------------------------+-------+-------+-------+-------++-------
Melee: Dagger            |    89 |    83 |       |    10 ||   182
       Mace              |     1 |       |       |       ||     1
       Short sword       |       |    97 |   306 |   302 ||   705
Throw: Throwing net      |       |       |       |     1 ||     1
Evoke: Wand              |       |       |     6 |     4 ||    10
       Phial of floods   |       |       |     1 |     1 ||     2
  Use: Scroll            |       |       |     5 |     5 ||    10
 Stab: Sleeping          |       |       |       |     3 ||     3
       Held in net/web   |       |       |       |     1 ||     1
  Eat: Chunk             |     1 |     4 |    10 |     6 ||    21
       Ration            |       |       |       |     1 ||     1
Armor: Leather armour    |    19 |    51 |    70 |    62 ||   202
Dodge: Dodged            |    59 |   138 |   195 |   220 ||   612
